 Dungeon Crawl Stone Soup version 0.27-a0-1200-g94dc6ad4cf (webtiles) character file.

Game seed: 17443990344048172652

232 MacCMillion the Conjurer (level 5, -3/41 HPs)
             Began as a Draconian Conjurer on May 30, 2021.
             Slain by a kobold
             ... wielding a +4 dagger of electrocution
              (11 damage)
             ... on level 4 of the Dungeon.
             The game lasted 00:24:15 (4980 turns).

MacCMillion the Conjurer (Draconian Conjurer)       Turns: 4980, Time: 00:24:16

Health: -3/41      AC:  6    Str:  9    XL:     5   Next: 73%
Magic:  10/10      EV: 12    Int: 20    God:
Gold:   110        SH:  0    Dex:  9    Spells: 4/10 levels left

rFire    . . .     SeeInvis .   d - +0 dagger
rCold    . . .     Faith    .   (no shield)
rNeg     . . .     Spirit   .   (armour unavailable)
rPois    .         Reflect  .   (helmet restricted)
rElec    .         Harm     .   f - +0 cloak
rCorr    .         Rampage  .   (no gloves)
Will     .....                  (no boots)
Stlth    ++........             (no amulet)
HPRegen  0.13/turn              (no ring)
MPRegen  0.12/turn              (no ring)

@: no status effects
A: AC +5, unfitting armour, cold-blooded
a: no special abilities


You were on level 4 of the Dungeon.
You visited 1 branch of the dungeon, and saw 4 of its levels.

You collected 110 gold pieces.

Inventory:

Hand Weapons
 d - a +0 dagger (weapon)
Missiles
 e - 53 stones
 k - 3 atropa-tipped darts
Armour
 f - a +0 cloak (worn)
Jewellery
 n - an amulet of regeneration
Scrolls
 b - a scroll of noise {unknown}
 g - a scroll of teleportation {unknown}
 h - 3 scrolls of fog {unknown}
 i - a scroll of identify {unknown}
Potions
 a - 2 potions of heal wounds {unknown}
 c - a potion of flight {unknown}
 j - 2 potions of lignification {unknown}
 l - a potion of curing {unknown}
 m - a potion of berserk rage


   Skills:
 + Level 1.7 Fighting
 - Level 1.8 Dodging
 - Level 2.5 Stealth
 + Level 3.3 Spellcasting
 - Level 5.0 Conjurations
 * Level 2.4 Earth Magic


You had 4 spell levels left.
You knew the following spells:

 Your Spells              Type           Power      Damage    Failure   Level
a - Magic Dart            Conj           92%        1d7       1%          1
b - Searing Ray           Conj           46%        3d4       2%          2
c - Stone Arrow           Conj/Erth      36%        3d9       9%          3

Your spell library contained the following spells:

 Spells                   Type           Power      Damage    Failure   Level
 Sandblast                Erth           26%        2d8       4%          1
 Passwall                 Tmut/Erth      6%         N/A       12%         2
 Dazzling Flash           Conj/Hex       26%        N/A       14%         3
 Fulminant Prism          Conj/Hex       6%         3d7       43%         4
 Iskenderun's Mystic Bla  Conj/Tloc      13%        2d5       43%         4
 Petrify                  Tmut/Erth      8%         N/A       63%         4
 Lee's Rapid Deconstruct  Erth           6%         3d7*      80%         5


Dungeon Overview and Level Annotations

Branches:
Dungeon (4/15)
 Temple: D:4-7

Altars:


Innate Abilities, Weirdness & Mutations

Your plain brown scales are hard. (AC +5)
You cannot fit into any form of body armour.
You are cold-blooded and may be slowed by cold attacks.


Message History

You kill the hobgoblin!
Found an escape hatch in the ceiling.
Found a stone staircase leading down.
There is a stone staircase leading down here.
A goblin is nearby!
The magic dart hits the goblin.
The goblin is heavily wounded.
The goblin shouts!
The magic dart hits the goblin.
You kill the goblin!
The adder hisses angrily.
The magic dart hits the adder.
The adder is heavily wounded.
The magic dart hits the adder.
The adder is severely wounded.
A kobold comes into view.
It is wielding a +4 dagger of electrocution.
The magic dart hits the adder.
The adder is severely wounded.
The magic dart hits the adder.
The adder is almost dead.
The adder barely misses you. The adder bites you but does no damage.
The magic dart hits the adder.
You kill the adder!
You start resting.
Magic restored.
The kobold shouts!
The kobold hits you with a +4 dagger of electrocution.
You are electrocuted!!
You are too injured to fight recklessly!
Unknown command.
The kobold drinks a potion.
The kobold goes berserk!
The kobold misses you.
There is a stone staircase leading down here.
The kobold hits you with a +4 dagger of electrocution.
There is an escape hatch in the ceiling here.
The kobold closely misses you.
The kobold hits you with a +4 dagger of electrocution!
* * * LOW HITPOINT WARNING * * *
You are electrocuted!
You die...

#.# #.## #.# #.# #.#
#.# ####J#######
#...>.......
#########.##K#######
#..........@.#
#.#######....# #.#
####.# #.# #.# #.#
#.# #.# #.# #.# #.#
#.# .# #.# #.#
############


You could see an endoplasm and a kobold (berserk).

Vanquished Creatures
  A scorpion (D:4)
  A bullfrog skeleton (D:4)
  3 gnolls (D:2)
  2 adders (D:4)
  4 worms (D:2)
  2 dart slugs
  An orc (D:3)
  4 bats
  5 endoplasms
  3 giant cockroaches
  10 goblins
  9 hobgoblins
  13 jackals
  6 kobolds
  3 quokkas
  5 ball pythons
  3 frilled lizards
  3 rats
78 creatures vanquished.

Notes
Turn   | Place    | Note
-------+----------+-------------------------------------------
     0 | D:1      | MacCMillion the Draconian Conjurer began the quest for the
                  | Orb.
     0 | D:1      | Reached XP level 1. HP: 14/14 MP: 3/3
   400 | D:1      | Reached XP level 2. HP: 20/20 MP: 1/5
   929 | D:1      | Reached XP level 3. HP: 26/26 MP: 3/6
  1804 | D:1      | Learned a level 2 spell: Searing Ray
  2191 | D:2      | Reached skill level 5 in Conjurations
  2193 | D:2      | Reached XP level 4. HP: 33/33 MP: 1/8
  2415 | D:2      | Learned a level 3 spell: Stone Arrow
  3519 | D:3      | Reached skill level 1 in Earth Magic
  4018 | D:3      | Found a faded altar of an unknown god.
  4433 | D:4      | Noticed a scorpion
  4451 | D:4      | Killed a scorpion
  4452 | D:4      | Reached skill level 1 in Fighting
  4452 | D:4      | Reached XP level 5. HP: 37/40 MP: 0/9
  4980 | D:4      | Slain by a kobold

Illustrated notes

Levels and vault maps discovered:
D:1:      nzn_arrival_depleted_hourglass, layout_loops_ring
D:2:      layout_loops_ring, corexii_hall_statues_x, minmay_misc_feat_diagonals
D:3:      cheibrodos_old_hovel, layout_basic, basic_ecumenical_altar,
          minmay_distorted
D:4:      layout_loops_ring, chequers_serial_rivers_micro_b

Skill      XL: |  1  2  3  4  5 |
---------------+----------------+-----
Stealth        | 2 |  2.5
Conjurations   | 5 |  5.0
Spellcasting   | 3 |  3.3
Earth Magic    | 1 2 |  2.4
Fighting       | 1 |  1.7
Dodging        | |  1.8

Action                   |  1- 3 |  4- 6 || total
-------------------------+-------+-------++-------
Melee: Dagger            |     1 |       ||     1
 Cast: Magic Dart        |    79 |    72 ||   151
       Searing Ray       |     3 |     8 ||    11
Armor: Skin              |     6 |    13 ||    19
Dodge: Dodged            |     5 |    15 ||    20

Table legend: (Time is in decaauts)
 A = Elapsed time spent in this place.
 B = Non-inter-level travel time spent in this place.
 C = Inter-level travel time spent in this place.
 D = Time resting spent in this place.
 E = Time spent auto-exploring this place.
 F = Levels seen in this place.
 G = Mean time per level.
                   A        B        C        D        E       F      G
               +--------+--------+--------+--------+--------+-----+--------+
         Total |   4982 |   4793 |    189 |    957 |   3022 |   4 | 1245.5 |
       Dungeon |   4982 |   4793 |    189 |    957 |   3022 |   4 | 1245.5 |
               +--------+--------+--------+--------+--------+-----+--------+

Top non-repeatable levels by time:
     D:1: 1751 daAuts
     D:3: 1478 daAuts
     D:2: 1168 daAuts
     D:4: 585 daAuts
